 Dungeon Crawl Stone Soup version 0.21.0-3-g78d12a8bdd (webtiles) character file.

17788 Quolop the Severer (level 12, -13/107 HPs)
             Began as a Minotaur Berserker on Jan 12, 2018.
             Was an Elder of Trog.
             Mangled by a komodo dragon (14 damage)
             ... while paralysed
             ... on level 4 of the Lair of Beasts.
             The game lasted 00:21:36 (14727 turns).

Quolop the Severer (Minotaur Berserker)            Turns: 14727, Time: 00:21:38

Health: -13/107    AC: 27    Str: 27    XL:     12   Next: 22%
Magic:  3/3        EV:  2    Int:  4    God:    Trog [****..]
Gold:   642        SH:  0    Dex: 10    Spells: 11/11 levels left

rFire    . . .     SeeInvis +   L - +8 executioner's axe (antimagic)
rCold    . . .     Gourm    .   (shield currently unavailable)
rNeg     . . .     Faith    .   A - +7 plate armour "Besuosheaza" {SInv}
rPois    +         Spirit   .   E - +2 hat
rElec    .         Reflect  .   (no cloak)
rCorr    .         Harm     .   C - +0 pair of gloves
MR       .....                  (no boots)
Stlth    ..........             (no amulet)
HPRegen  0.27/turn              D - +3 ring of protection
MPRegen  0.08/turn              q - ring of poison resistance

@: paralysed, lethally poisoned (-13 -> -29), berserk cooldown, slowed
A: retaliatory headbutt, horns 2
a: Berserk, Trog's Hand, Brothers in Arms, Burn Spellbooks, Renounce Religion


You were on level 4 of the Lair of Beasts.
You worshipped Trog.
Trog was greatly pleased with you.
You were very hungry.

You visited 3 branches of the dungeon, and saw 13 of its levels.

You collected 642 gold pieces.

Inventory:

Hand Weapons
 a - a +1 hand axe
 L - a +8 antimagic executioner's axe (weapon)
 M - a +2 hand axe of flaming
Armour
 A - the +7 plate armour "Besuosheaza" (worn) {SInv}
   (You found it on level 8 of the Dungeon)

   It lets you see invisible.
 C - a +0 pair of gloves (worn)
 E - a +2 hat (worn)
Jewellery
 b - an uncursed ring of flight {unknown}
 q - a ring of poison resistance (right hand)
 D - a +3 ring of protection (left hand)
 H - an uncursed ring of protection from magic
Wands
 l - a wand of polymorph (10)
 s - a wand of acid (16)
 v - a wand of flame (17)
 w - a wand of digging (9)
 O - a wand of iceblast (11)
Scrolls
 d - a scroll of random uselessness
 f - 6 scrolls of magic mapping
 h - 2 scrolls of enchant armour
 j - 9 scrolls of teleportation
 n - 4 scrolls of remove curse
 p - 5 scrolls of identify
 F - 2 scrolls of amnesia {unknown}
 G - a scroll of blinking
 I - a scroll of fear {unknown}
 K - a scroll of immolation {unknown}
 N - a scroll of torment {unknown}
Potions
 e - 3 potions of invisibility
 g - 5 potions of flight
 i - 4 potions of heal wounds
 k - 2 potions of curing {unknown}
 m - 3 potions of brilliance
 o - a potion of agility {unknown}
 r - 4 potions of resistance {unknown}
 t - a potion of mutation {unknown}
 z - 2 potions of haste {unknown}
 B - 3 potions of might {unknown}
 J - 3 potions of degeneration {unknown}
Books
 u - a book of Cantrips

   Spells                             Type                      Level
   a - Confusing Touch                Hexes                        1
   b - Animate Skeleton               Necromancy                   1
   c - Summon Small Mammal            Summoning                    1
   d - Apportation                    Translocation                1
   Trog disapproves of the use of such an item.
 x - a book of Changes

   Spells                             Type                      Level
   a - Beastly Appendage              Transmutation                1
   b - Sticks to Snakes               Transmutation                2
   c - Spider Form                    Transmutation/Poison         3
   d - Ice Form                       Ice/Transmutation            4
   e - Blade Hands                    Transmutation                5
   Trog disapproves of the use of such an item.
 y - a book of Changes

   Spells                             Type                      Level
   a - Beastly Appendage              Transmutation                1
   b - Sticks to Snakes               Transmutation                2
   c - Spider Form                    Transmutation/Poison         3
   d - Ice Form                       Ice/Transmutation            4
   e - Blade Hands                    Transmutation                5
   Trog disapproves of the use of such an item.
 P - a book of Misfortune

   Spells                             Type                      Level
   a - Confusing Touch                Hexes                        1
   b - Confuse                        Hexes                        3
   c - Gell's Gravitas                Translocation                3
   d - Petrify                        Transmutation/Earth          4
   e - Metabolic Englaciation         Hexes/Ice                    5
   f - Yara's Violent Unravelling     Hexes/Transmutation          5
   Trog disapproves of the use of such an item.
Comestibles
 c - 18 rations
 Q - 4 chunks of flesh


   Skills:
 + Level 10.5 Fighting
 * Level 16.7 Axes
 + Level 9.5 Armour
 + Level 6.6 Dodging
 + Level 5.3 Stealth


You had 11 spell levels left.
You didn't know any spells.

Dungeon Overview and Level Annotations

Branches:
Dungeon (8/15)             Temple (1/1) D:5            Lair (4/6) D:8
  Snake (0/4) Lair:2
  Swamp: Lair:2-4    Shoals: Lair:2-4

Altars:
Dithmenos
Fedhas
Gozag
Hepliaklqana
Kikubaaqudgha
Nemelex Xobeh
Qazlal
Wu Jian
Yredelemnul
Zin
The Shining One

Shops:
D:8 =

Annotations:
Lair:4 Nessos


Innate Abilities, Weirdness & Mutations

You reflexively headbutt those who attack you in melee.
You have a pair of horns on your head.


Message History

You feel sick.
Nessos shoots an arrow.
The arrow hits you!
* * * LOW HITPOINT WARNING * * *
The arrow burns you.
* * * LOW HITPOINT WARNING * * *
You see here an arrow.
You feel your anger nearly subside.
You are no longer berserk.
You pass out from exhaustion.
You feel yourself slow down.
You feel sick.
Nessos shoots an arrow.
The arrow hits you!
* * * LOW HITPOINT WARNING * * *
The arrow burns you.
* * * LOW HITPOINT WARNING * * *
* * * LOW HITPOINT WARNING * * *
You feel sick.
Nessos shoots an arrow.
The arrow hits you but does no damage.
Nessos shoots an arrow.
The arrow hits you!
* * * LOW HITPOINT WARNING * * *
The arrow burns you.
* * * LOW HITPOINT WARNING * * *
The komodo dragon bites you!
You die...

.... ......
.....## ..##.##
#####.....#####
#...............
#....(......#...
#....(..........
+(...(.(@l.P....
#....(......P...
#....(.......#..
#.....(.....#...
#.........%..#..
#......c(...## .
#####
###..##...##.#
....# #..##.##.#
## .#P.#
#.....####


You could see Nessos and a komodo dragon.

Vanquished Creatures
  Gastronok (D:8)
  A two-headed ogre (D:8)
  The ghost of SnubMonkey the Basher, a novice OgHu of Kikubaaqudgha (D:8)
  Nergalle (Lair:2)
  Pikel (D:4)
  2 black mambas
  Psyche (D:8)
  4 spiny frogs
  6 komodo dragons
  A meliai (D:8)
  Prince Ribbit (D:7)
  4 blink frogs (Lair:1)
  Grinder (D:5)
  3 hippogriffs
  Sigmund (D:3)
  A wraith (D:8)
  2 wyverns (Lair:4)
  A yak (shapeshifter) (D:8)
  11 yaks
  4 hogs (D:8)
  A human (D:8)
  A basilisk (Lair:3)
  A hungry ghost (D:7)
  3 nagas (Lair:2)
  4 water moccasins
  5 porcupines
  An orc warrior (D:8)
  A sky beast (D:8)
  A phantom (D:8)
  A slave (D:4)
  An ogre (D:4)
  2 centaurs
  The ghost of Berahthraban the Charmwright, an amateur HuSk (D:3)
  4 wolves (Lair:2)
  A big kobold (D:8)
  8 crocodiles
  10 bullfrogs
  The ghost of TheWayOfAllFlesh the Skirmisher, a weakling GnWn (D:4)
  4 scorpions
  6 electric eels (Lair:3)
  3 crimson imps
  6 jellies
  3 hounds (D:4)
  3 orc priests
  8 orc wizards
  2 centaur skeletons (D:8)
  Jessica (D:2)
  3 iguanas
  7 worker ants
  A hound skeleton (D:7)
  A hound zombie (D:8)
  3 gnolls (D:7)
  11 adders
  3 shadow imps
  3 oozes
  An adder zombie (D:8)
  An adder skeleton (D:5)
  3 worms
  2 dart slugs
  7 leopard geckos
  24 orcs
  5 giant cockroaches
  7 goblins
  5 hobgoblins
  11 jackals
  3 kobolds
  2 quokkas (D:6)
  A ball python (D:3)
  11 bats
  4 frilled lizards
  A leopard gecko skeleton (D:4)
  A leopard gecko zombie (D:6)
  6 rats
  2 fungi
  2 plants (Lair:3)
262 creatures vanquished.

Vanquished Creatures (others)
  A hound (D:4)
  An adder (D:4)
  6 fungi
  21 plants
29 creatures vanquished.

Grand Total: 291 creatures vanquished

Notes
Turn   | Place    | Note
-------+----------+-------------------------------------------
     0 | D:1      | Quolop the Minotaur Berserker began the quest for the Orb.
     0 | D:1      | Reached XP level 1. HP: 19/19 MP: 0/0
   622 | D:1      | Reached XP level 2. HP: 27/27 MP: 1/1
   803 | D:1      | Reached skill level 4 in Axes
  1314 | D:2      | Found a faded altar of an unknown god.
  1397 | D:2      | Reached XP level 3. HP: 23/33 MP: 2/2
  1717 | D:2      | Found an ancient bone altar of Kikubaaqudgha.
  1863 | D:2      | Noticed Jessica
  1868 | D:2      | Killed Jessica
  1868 | D:2      | Reached XP level 4. HP: 32/41 MP: 3/3
  2266 | D:3      | Noticed Sigmund
  2272 | D:3      | Reached ** piety under Trog
  2445 | D:3      | Killed Sigmund
  2445 | D:3      | Reached skill level 5 in Axes
  2445 | D:3      | Reached skill level 1 in Stealth
  2445 | D:3      | Reached XP level 5. HP: 37/47 MP: 4/4
  2611 | D:3      | Reached skill level 6 in Axes
  2611 | D:3      | Reached XP level 6. HP: 55/55 MP: 5/5
  2666 | D:3      | Noticed Berahthraban's ghost (amateur HuSk)
  2679 | D:3      | Killed Berahthraban's ghost
  2679 | D:3      | Reached skill level 5 in Fighting
  3620 | D:4      | Noticed TheWayOfAllFlesh's ghost (weakling GnWn)
  3821 | D:4      | Reached XP level 7. HP: 61/61 MP: 6/6
  3833 | D:4      | Reached skill level 7 in Axes
  4016 | D:4      | Noticed Pikel
  4030 | D:4      | Killed Pikel
  4030 | D:4      | Reached skill level 8 in Axes
  4030 | D:4      | Reached XP level 8. HP: 43/69 MP: 7/7
  4347 | D:4      | Killed TheWayOfAllFlesh's ghost
  4527 | D:4      | Reached skill level 9 in Axes
  5128 | D:5      | Entered Level 5 of the Dungeon
  5190 | D:5      | Reached *** piety under Trog
  5195 | D:5      | Noticed Grinder
  5211 | D:5      | Killed Grinder
  5211 | D:5      | Reached skill level 10 in Axes
  5427 | D:5      | Found a staircase to the Ecumenical Temple.
  5433 | Temple   | Entered the Ecumenical Temple
  5931 | D:5      | Found a shadowy altar of Dithmenos.
  5931 | D:5      | Found a sparkling altar of Nemelex Xobeh.
  6432 | D:6      | Found an ornate altar of the Wu Jian Council.
  6530 | D:6      | Reached skill level 5 in Dodging
  6530 | D:6      | Reached XP level 9. HP: 56/75 MP: 8/8
  6635 | D:6      | Reached skill level 11 in Axes
  7154 | D:7      | Noticed Prince Ribbit
  7165 | D:7      | Killed Prince Ribbit
  7658 | D:7      | Reached **** piety under Trog
  7991 | D:7      | You fall through a shaft!
  7991 | D:8      | Noticed Psyche
  7996 | D:8      | Killed Psyche
  7996 | D:8      | Reached skill level 12 in Axes
  8032 | D:8      | Noticed a two-headed ogre
  8041 | D:8      | HP: 1/78 [two-headed ogre/giant club (18)]
  8043 | D:8      | Killed a two-headed ogre
  8043 | D:8      | Reached skill level 5 in Stealth
  8476 | D:8      | Noticed SnubMonkey's ghost (novice OgHu)
  8493 | D:8      | Killed SnubMonkey's ghost
  8493 | D:8      | Reached skill level 13 in Axes
  8493 | D:8      | Reached XP level 10. HP: 71/86 MP: 9/9
  8996 | D:8      | Found Goijaj's Jewellery Shop.
  9651 | D:8      | Reached skill level 5 in Armour
  9889 | D:8      | Got a scorched plate armour
  9901 | D:8      | Identified the +7 plate armour "Besuosheaza" {SInv} (You found it on level 8 of the Dungeon)
  9976 | D:8      | Reached skill level 14 in Axes
  9986 | D:8      | Reached ***** piety under Trog
 10104 | D:8      | Noticed Gastronok
 10125 | D:8      | Killed Gastronok
 10125 | D:8      | Reached XP level 11. HP: 67/95 MP: 10/10
 10126 | D:8      | Found a staircase to the Lair.
 10747 | Lair:1   | Entered Level 1 of the Lair of Beasts
 10878 | Lair:1   | Reached skill level 15 in Axes
 11425 | Lair:2   | Received a gift from Trog
 11626 | Lair:2   | Noticed Nergalle
 11655 | Lair:2   | HP: 4/97 [spectral orc knight/battleaxe[Nergalle] (5)]
 11658 | Lair:2   | Killed Nergalle
 12149 | Lair:2   | Found a staircase to the Snake Pit.
 12173 | Lair:2   | Reached skill level 10 in Fighting
 12855 | Lair:3   | Reached skill level 16 in Axes
 13303 | Lair:3   | Found an opulent altar of Gozag.
 13360 | Lair:3   | Reached XP level 12. HP: 85/106 MP: 3/11
 14712 | Lair:4   | Noticed Nessos
 14727 | Lair:4   | HP: 3/107 [Nessos/arrow (11)]
 14727 | Lair:4   | HP: 1/107 [Nessos/arrow (2)]
 14727 | Lair:4   | Mangled by a komodo dragon

Skill      XL: |  1  2  3  4  5  6  7  8  9 10 11 |
---------------+----------------------------------+-----
Axes           | 4 5 6 8 10 13 14 16 | 16.7
Fighting       | 4 5 6 7 8 10 | 10.5
Armour         | 3 6 9 |  9.5
Dodging        | 3 4 5 6 |  6.6
Stealth        | 1 2 3 4 5 |  5.3

Action                   |  1- 3 |  4- 6 |  7- 9 | 10-12 || total
-------------------------+-------+-------+-------+-------++-------
Melee: Hand axe          |    57 |   118 |   290 |   398 ||   863
       Headbutt          |     7 |    17 |    75 |   106 ||   205
       Unarmed           |       |     5 |       |       ||     5
       Executioner's axe |       |       |       |    82 ||    82
Invok: Berserk           |       |       |     4 |     4 ||     8
  Use: Potion            |     1 |       |       |     1 ||     2
       Scroll            |       |       |       |    17 ||    17
 Stab: Sleeping          |       |     9 |    12 |       ||    21
  Eat: Chunk             |     2 |     6 |     8 |    18 ||    34
       Ration            |       |     1 |     2 |     2 ||     5
Armor: Animal skin       |     8 |     8 |     6 |       ||    22
       Skin              |       |     5 |       |       ||     5
       Chain mail        |       |       |    12 |    52 ||    64
       Plate armour      |       |       |       |   206 ||   206
Dodge: Dodged            |    27 |    63 |   124 |   163 ||   377
